cohdb
Replays
Latest Replays
All Replays
Popular Replays
Top Player Replays
Match Explorer
How It Works
Community
CoH3 Stats
Reddit
Sign in to upload your games and track your stats! →
Sign in with Steam
Match 26289724
Unlisted
Match 26289724
Overview
Messages
Build Orders
End
Pioneer Squad
Pioneer Squad
Construct Infanterie Kompanie
Selects Breakthrough Battlegroup
Selects Assault Grenadiers
Selects Smoke Bombing Run
Infanterie Officer Quarters
Construct Panzergrenadier Kompanie
Medical Bunker
Support Elements
Nebelwerfer 42 Rocket Launcher Team
Construct Luftwaffe Kompanie
Selects Incendiary Bombing Run
Jäger Squad
Jäger Squad
Construct Panzer Kompanie
Panzer IV Medium Tank
Selects Rapid Production
Side Skirts
Incendiary Bombing Run
Panzer Officer Quarters
Medical Bunker
Smoke Bombing Run
Nebelwerfer 42 Rocket Launcher Team
Panzer IV Medium Tank
Smoke Bombing Run
Panzer IV Medium Tank
Selects Blitzkrieg
Blitzkrieg
vindicatus
Joraad
Lemminkainen45
ChiWaWa_Gardenia
beepjeep
DefCon117
3+2
Sonko [FR]
0
0
Comments
sign in to comment!
No comments posted yet!